Map: Efflorescence LE

Players

qqq

  • Race: Zerg Zerg
  • Spawn Location: 9:00

Massa

  • Race: Terran Terran
  • League: Gold
  • Spawn Location: 6:00

TyrannaDan

  • Race: Protoss Protoss
  • Spawn Location: 12:00

Vader

  • Race: Zerg Zerg
  • Spawn Location: 3:00

VOD

Have the link to the VOD?

Description

Time

  • Played on: June 25, 2020, 3:09 p.m.
  • Length: 13:18
Show
View Real Time Build Order
Export as new Build Order

qqq Zerg 

Build Orders: Hatch First 

Get SALT Encoding   

  12  0:03  Drone  
  13  0:35  Hatchery  
  12  0:41  Overlord  
  12  0:44  Drone  
  12  0:47  Drone  
  14  0:51  Extractor  
  13  1:10  Spawning Pool  
  12  1:17  Drone x2  
  14  1:38  Drone  
  15  1:40  Drone  
  15  1:42  Drone  
  17  1:52  Drone  
  18  2:01  Drone x2  
  18  2:03  Zergling x2  
  21  2:09  Queen  
  23  2:16  Metabolic Boost  
  23  2:20  Zergling x2  
  24  2:24  Drone  
  24  2:27  Zergling x2  
  26  2:33  Zergling x2  
  27  2:43  Roach Warren  
  27  2:44  Zergling x2  
  27  2:47  Drone  
  28  2:54  Overlord  
  28  3:02  Overlord  
  28  3:08  Overlord  
  28  3:13  Drone  
  28  3:14  Zergling x2  
  28  3:17  Zergling x2  
  28  3:19  Zergling x2  
  32  3:28  Zergling x2  
  32  3:29  Drone  
  32  3:31  Roach  
  36  3:38  Roach  
  36  3:40  Roach  
  40  3:42  Drone  
  41  3:49  Roach  
  43  3:56  Zergling x2  
  43  4:00  Ravager  
  43  4:01  Ravager  
  48  4:03  Roach  
  48  4:04  Roach  
  48  4:05  Drone  
  52  4:24  Roach  
  46  4:42  Roach x3  
  46  4:43  Drone  
  52  4:50  Overlord x2  
  51  4:55  Hatchery  
  51  4:58  Drone  
  38  5:17  Zergling x2  
  38  5:18  Zergling x4  
  39  5:22  Drone  
  39  5:23  Baneling Nest  
  41  5:28  Roach x2  
  41  5:32  Queen  
  41  5:33  Roach  
  41  5:35  Roach  
  49  5:40  Spine Crawler  
  48  5:44  Drone, Spine Crawler  
  48  5:46  Roach  
  50  5:54  Zergling x6  
  53  6:05  Roach x2  
  53  6:08  Overlord  
  57  6:17  Roach  
  61  6:18  Roach  
  61  6:19  Roach  
  63  6:33  Baneling x2  
  63  6:37  Drone x2  
  63  6:39  Extractor  
  65  6:40  Zergling x4  
  65  6:41  Drone x3  
  69  6:49  Roach  
  71  7:04  Roach  
  71  7:08  Overlord x2  
  73  7:09  Overlord x3  
  73  7:20  Baneling x2  
  73  7:22  Zergling x2  
  74  7:25  Lair  
  74  7:26  Drone  
  74  7:27  Drone x2  
  74  7:29  Zergling x2  
  78  7:37  Spine Crawler  
  76  8:01  Zergling x6  
  76  8:02  Drone x7  
  85  8:24  Extractor  
  84  8:27  Drone x4, Spire  
  84  8:28  Roach  
  84  8:29  Roach  
  91  8:47  Zergling x4  
  91  8:48  Drone x4  
  88  9:04  Glial Reconstitution  
  88  9:07  Drone x2  
  90  9:14  Drone  
  90  9:15  Drone x3  
  94  9:23  Infestation Pit  
  94  9:24  Drone x2, Evolution Chamber  
  95  9:26  Evolution Chamber  
  93  9:34  Spore Crawler  
  93  9:35  Hatchery, Spore Crawler  
  93  9:36  Spore Crawler  
  89  9:38  Spore Crawler  
  89  9:39  Spore Crawler x3  
  89  9:41  Spore Crawler  
  89  9:43  Spore Crawler  
  89  9:44  Hatchery  
  80  9:47  Spore Crawler  
  80  9:50  Drone x3  
  79  9:56  Corruptor  
  79  9:57  Corruptor  
  82  10:05  Hive  
  82  10:07  Drone  
  82  10:12  Mutalisk  
  82  10:13  Mutalisk  
  83  10:58  Hydralisk Den  
  82  11:10  Spore Crawler  
  81  11:15  Spore Crawler  
  81  11:16  Spore Crawler  
  73  11:26  Roach x3  
  75  11:43  Roach  
  75  11:44  Roach  
  75  11:45  Roach x5  
  59  12:04  Zergling x4  
  59  12:05  Zergling x4  
  59  12:18  Ultralisk Cavern  
  59  12:19  Drone x2  
  59  12:21  Drone x2  
  62  12:23  Zergling x4  
  60  12:45  Viper  
  63  12:52  Zergling x6  
  63  12:53  Zergling x8  
  51  13:14  Extractor  
Show
View Real Time Build Order
Export as new Build Order

Massa Terran 

Build Orders:  

Get SALT Encoding   

  12  0:11  Supply Depot  
  12  0:13  SCV  
  13  0:26  SCV  
  14  0:35  Barracks  
  14  0:39  SCV  
  15  0:51  SCV  
  16  1:03  SCV  
  16  1:15  SCV  
  17  1:21  Supply Depot  
  17  1:23  Barracks  
  17  1:33  Barracks  
  17  1:37  SCV  
  18  1:46  Refinery  
  18  1:50  Marine  
  19  1:57  Supply Depot  
  19  2:00  SCV  
  20  2:08  Marine  
  21  2:12  SCV, Marine  
  23  2:20  Marine  
  24  2:25  Marine  
  25  2:30  Marine  
  25  2:32  Orbital Command  
  26  2:38  Marine  
  26  2:43  Marine  
  28  2:48  Marine  
  29  2:56  Marine  
  29  2:57  Factory  
  30  3:01  Marine  
  31  3:05  Marine  
  32  3:13  Marine  
  32  3:19  Marine  
  34  3:20  Supply Depot  
  34  3:23  Marine, Supply Depot  
  35  3:31  Marine  
  37  3:41  Factory Tech Lab, Marine  
  36  3:42  Marine  
  38  3:49  Marine  
  39  3:59  Marine x2  
  39  4:02  Siege Tank  
  44  4:07  Marine  
  45  4:17  Marine x2  
  46  4:25  Marine  
  39  4:42  Marine x3  
  39  4:46  Siege Tank  
  42  5:00  Marine x3  
  32  5:18  Marine x3  
  32  5:19  Widow Mine  
  35  5:31  Command Center  
  35  5:34  SCV  
  36  5:35  Marine  
  36  5:36  Marine x2  
  36  5:41  Widow Mine  
  41  5:53  Marine x2  
  41  5:54  Marine  
  42  6:02  Siege Tank  
  45  6:11  Marine x2  
  45  6:12  Marine  
  48  6:29  Marine x3  
  51  6:34  Siege Tank  
  51  6:38  SCV  
  55  6:44  SCV  
  55  6:47  Marine x3  
  56  6:50  SCV  
  60  6:56  SCV  
  61  7:01  Supply Depot  
  61  7:02  SCV  
  61  7:04  Marine  
  61  7:05  Marine x2  
  65  7:11  Engineering Bay  
  65  7:12  Supply Depot  
  65  7:14  SCV  
  66  7:16  Orbital Command  
  66  7:22  Marine  
  66  7:26  Barracks Reactor, Barracks Tech Lab, SCV  
  68  7:31  Widow Mine  
  70  7:40  Marine  
  70  7:41  Terran Infantry Weapons Level 1  
  71  7:45  Missile Turret  
  71  7:47  Missile Turret  
  71  7:55  SCV x2  
  71  7:57  Refinery  
  71  7:58  Marine  
  73  8:01  Refinery  
  74  8:07  SCV  
  74  8:08  SCV  
  76  8:16  Marine x4  
  76  8:19  SCV  
  81  8:32  SCV x2  
  81  8:34  Marine x3  
  84  8:40  Supply Depot  
  86  8:42  Supply Depot  
  86  8:45  Missile Turret  
  86  8:48  Missile Turret  
  86  8:51  Supply Depot  
  86  9:00  Barracks Reactor  
  86  9:01  Marine x3  
  86  9:02  SCV  
  90  9:11  Armory  
  90  9:20  Marauder  
  90  9:22  Barracks  
  91  9:35  Terran Infantry Armor Level 1  
  91  9:41  Marauder  
  93  9:53  Barracks Tech Lab  
  93  9:56  Barracks Tech Lab  
  93  10:03  Missile Turret  
  93  10:04  Missile Turret  
  93  10:23  Widow Mine  
  93  10:25  Barracks Reactor, Missile Turret  
  93  10:26  Missile Turret  
  93  10:27  Marauder x2  
  99  10:29  Barracks Tech Lab  
  99  10:32  Stimpack  
  99  10:34  Concussive Shells  
  99  10:43  Refinery  
  99  10:44  Widow Mine  
  99  10:48  Marauder x2  
  105  10:57  Command Center  
  105  10:59  SCV x2  
  107  11:06  Widow Mine  
  107  11:11  SCV  
  110  11:16  Combat Shield  
  110  11:27  Missile Turret  
  110  11:33  SCV  
  110  11:34  Missile Turret  
  110  11:35  SCV  
  110  11:39  Marauder  
  110  11:40  Supply Depot  
  110  11:41  Marauder  
  110  11:45  SCV  
  103  11:47  SCV  
  101  11:57  SCV  
  101  11:59  SCV  
  101  12:00  Marauder  
  102  12:02  Marauder  
  104  12:09  SCV  
  104  12:11  SCV, Thor  
  104  12:15  Marauder, Marine x2  
  115  12:17  SCV  
  115  12:21  SCV  
  115  12:22  Marauder  
  120  12:23  SCV  
  120  12:24  Marauder  
  116  12:33  Marine  
  116  12:36  Marauder  
  99  12:46  Bunker  
  99  12:47  Bunker  
  99  12:48  Bunker  
Show
View Real Time Build Order
Export as new Build Order

TyrannaDan Protoss 

Build Orders:  

Get SALT Encoding   

  12  0:02  Probe  
  13  0:14  Probe  
  14  0:24  Pylon  
  14  0:26  Probe  
  15  0:40  Probe  
  16  0:43  Gateway  
  16  0:48  Probe  
  16  0:53  Assimilator  
  17  0:59  Probe  
  18  1:11  Probe  
  19  1:22  Gateway  
  19  1:23  Probe  
  20  1:30  Cybernetics Core  
  20  1:43  Probe  
  20  1:45  Assimilator  
  21  1:47  Pylon  
  21  1:56  Probe  
  22  2:08  Warp Gate  
  22  2:09  Stalker  
  22  2:10  Adept  
  26  2:17  Probe  
  27  2:33  Probe  
  27  2:36  Robotics Facility  
  28  2:51  Sentry  
  30  3:00  Pylon  
  30  3:10  Probe  
  30  3:11  Nexus  
  31  3:15  Pylon  
  31  3:24  Immortal  
  35  3:32  Adept  
  37  3:44  Robotics Bay  
  37  3:45  Probe  
  38  3:55  Immortal  
  38  3:57  Probe, Stalker  
  45  4:12  Adept  
  45  4:30  Stalker  
  43  4:44  Stalker  
  43  4:46  Immortal  
  47  4:54  Stalker  
  47  4:56  Probe  
  47  4:57  Probe  
  51  5:16  Probe x2  
  53  5:24  Warp Prism, Robotics Bay  
  53  5:27  Probe x2  
  57  5:38  Probe  
  57  5:39  Probe  
  59  5:47  Probe x2  
  59  5:55  Probe  
  61  6:00  Assimilator  
  61  6:03  Pylon  
  62  6:04  Assimilator  
  62  6:05  Pylon  
  62  6:06  Pylon  
  62  6:10  Colossus  
  62  6:20  Probe, Extended Thermal Lance  
  62  6:21  Probe  
  70  6:28  Probe  
  71  6:33  Probe  
  71  6:36  Probe, Gateway  
  71  6:39  Gateway  
  73  6:49  Probe  
  73  6:50  Probe  
  75  7:03  Nexus  
  75  7:05  Pylon  
  75  7:09  Colossus  
  81  7:30  Twilight Council  
  81  7:32  Forge  
  81  7:34  Forge  
  81  7:37  Probe x2  
  83  7:51  Stalker x3  
  83  7:52  Stalker  
  83  7:57  Protoss Ground Weapons Level 1  
  91  8:00  Protoss Ground Armor Level 1  
  91  8:13  Colossus  
  97  8:21  Pylon  
  97  8:24  Charge  
  97  8:26  Pylon x2  
  97  8:30  Templar Archives  
  97  8:34  Probe x3  
  97  8:41  Assimilator  
  100  8:44  Adept  
  100  8:45  Assimilator  
  100  8:47  Adept  
  104  9:05  Adept  
  106  9:11  Colossus  
  106  9:14  Probe x2  
  106  9:15  Probe  
  115  9:31  Probe x3  
  118  9:43  Probe x3  
  117  10:02  Pylon  
  117  10:12  Protoss Ground Weapons Level 2, Immortal  
  117  10:13  Psionic Storm, Protoss Ground Armor Level 2  
  121  10:19  Gateway  
  121  10:21  Gateway  
  121  10:25  Gateway, Pylon  
  121  10:26  Photon Cannon  
  121  10:27  Pylon  
  121  10:28  Photon Cannon, Gateway  
  121  10:30  Pylon x2  
  121  10:33  Pylon  
  121  10:54  Immortal  
  125  11:00  Stalker x4  
  133  11:36  Zealot x3  
  133  11:37  Zealot x5  
  149  11:41  Nexus  
  149  11:43  Pylon  
  149  11:46  Pylon  
  117  13:05  Zealot  
  117  13:06  Zealot x5  
  117  13:07  Zealot x2  
  133  13:16  Gateway  
Show
View Real Time Build Order
Export as new Build Order

Vader Zerg 

Build Orders: Pool First, Muta Ling Bane 

Get SALT Encoding   

  12  0:01  Drone  
  13  0:15  Overlord  
  13  0:18  Drone  
  14  0:35  Drone x2  
  16  0:44  Drone  
  17  1:00  Drone, Extractor  
  17  1:03  Extractor, Spawning Pool  
  16  1:16  Hatchery  
  15  1:21  Drone  
  15  1:23  Drone  
  17  1:41  Drone x2  
  19  1:49  Queen  
  19  1:51  Drone  
  22  2:08  Metabolic Boost  
  22  2:29  Queen  
  24  2:44  Queen  
  24  2:45  Zergling x4  
  24  2:48  Overlord  
  24  2:50  Overlord  
  28  3:09  Hatchery  
  27  3:15  Drone x5  
  32  3:24  Drone x3  
  33  3:55  Zergling x2  
  33  3:56  Zergling x18  
  43  4:04  Roach Warren  
  42  4:11  Zergling x4  
  43  4:24  Zergling x2  
  43  4:25  Zergling x2  
  43  4:26  Zergling x8  
  48  4:33  Zergling x4  
  48  4:36  Zergling x6  
  46  4:43  Zergling x8  
  48  4:56  Zergling x2  
  49  5:03  Queen  
  47  5:10  Zergling x4  
  47  5:11  Zergling x10  
  47  5:14  Overlord  
  47  5:15  Overlord  
  47  5:34  Drone x5  
  52  5:36  Extractor  
  52  5:38  Extractor  
  49  6:12  Extractor, Lair  
  49  6:15  Drone x3  
  49  6:16  Drone x3  
  49  6:17  Drone x4  
  49  6:18  Drone x2  
  59  6:22  Drone x6  
  59  6:24  Overlord  
  65  6:26  Overlord  
  64  6:45  Drone x2  
  64  6:46  Drone x2  
  64  6:47  Drone  
  69  6:48  Drone  
  69  6:49  Drone  
  71  7:10  Spire  
  71  7:15  Hatchery  
  69  7:16  Drone  
  69  7:17  Extractor x2, Drone x10  
  69  7:21  Baneling Nest  
  77  7:52  Drone x3  
  77  7:53  Drone  
  77  7:54  Overlord x4  
  77  7:55  Overlord x7  
  77  7:58  Glial Reconstitution  
  81  8:04  Centrifical Hooks  
  81  8:13  Baneling x2  
  81  8:21  Evolution Chamber  
  81  8:22  Evolution Chamber  
  81  8:23  Infestation Pit  
  78  8:30  Drone  
  78  8:32  Mutalisk x10  
  99  8:49  Zerg Melee Weapons Level 1  
  99  8:50  Zerg Ground Armor Level 1  
  94  9:00  Mutalisk x3  
  98  9:04  Extractor  
  98  9:08  Extractor  
  96  9:10  Drone x2  
  96  9:11  Drone x16  
  96  9:15  Zerg Flyer Weapons Level 1  
  114  9:51  Mutalisk x7  
  128  9:57  Drone x3  
  128  9:58  Drone x3  
  134  10:05  Hive  
  134  10:12  Hatchery  
  134  10:13  Drone  
  134  10:14  Overlord x3  
  134  10:15  Overlord x2  
  134  10:30  Zergling x2  
  134  10:31  Zergling x24  
  143  11:11  Baneling  
  143  11:12  Baneling  
  136  11:24  Mutalisk  
  136  11:25  Mutalisk x16  
  147  11:43  Mutalisk  
  147  11:44  Mutalisk x2  
  128  12:16  Ultralisk Cavern  
  127  12:32  Drone  
  127  12:33  Drone x13  
  141  12:43  Zergling x8  
  141  12:44  Zergling x20  
Tags
 
Add a new tag
Caveats
  • Supply blocks, unpowered buildings, or Contaminate may cause inaccurate times.
  • Supply counts are checked every 10 seconds.